 Dungeon Crawl Stone Soup version 0.31-a0-182-gc5ef74bbde (webtiles) character file.

Game seed: 10619102089925152010

2070 funkygono the Cleaver (level 9, -7/78 HPs)
             Began as a Minotaur Fighter on June 20, 2023.
             Was a Follower of Okawaru.
             Killed from afar by an electric eel (9 damage)
             ... with a bolt of electricity
             ... on level 6 of the Dungeon on June 21, 2023.
             The game lasted 00:10:04 (6161 turns).

funkygono the Cleaver (Minotaur Fighter)            Turns: 6161, Time: 00:10:05

Health: -7/78      AC: 15    Str: 26    XL:     9   Next: 5%
Magic:  8/8        EV:  7    Int:  5    God:    Okawaru [*.....]
Gold:   424        SH:  4    Dex:  9    Spells: 8/8 levels left

rFire   . . .        a - +0 war axe
rCold   . . .        c - +0 buckler
rNeg    . . .        w - +0 plate armour
rPois   .            (helmet restricted)
rElec   .            (no cloak)
rCorr   .            r - +1 pair of gloves
SInv    .            (no boots)
Will    .....        (no amulet) Stlth
                     k - +4 ring of slaying
HPRegen 0.33/turn    (no ring)
MPRegen 0.11/turn

%: no passive effects
@: no status effects
A: horns 2, retaliatory headbutt
a: Renounce Religion, Heroism


You were on level 6 of the Dungeon.
You worshipped Okawaru.
Okawaru was aware of your devotion.
You visited 1 branch of the dungeon, and saw 6 of its levels.
You also visited: Sewer.

You collected 424 gold pieces.

Inventory:

Hand Weapons
 a - a +0 war axe (weapon)
Missiles
 e - a curare-tipped dart
 h - 30 stones (quivered)
 p - 8 poisoned darts
Armour
 c - a +0 buckler (worn)
 r - a +1 pair of gloves (worn)
 w - a +0 plate armour (worn)
Magical Staves
 j - the staff of the Lusting Gods {rElec Dex+4 Air}
   (You found it on level 3 of the Dungeon)

   [staff of air]

   Base accuracy: +5 Base damage: 5 Base attack delay: 1.2 This weapon's minimum
   attack delay (0.6) is reached at skill level 12.
   Dex:       It affects your dexterity (+4).
   rElec:     It insulates you from electricity.
   Air:       It increases the power of your Air spells.
   It falls into the 'Staves' category.
   It is a one-handed weapon.
Jewellery
 k - a +4 ring of slaying (left hand)
Wands
 q - a wand of paralysis (1)
 z - a wand of flame (19)
Scrolls
 g - a scroll of revelation
 i - a scroll of teleportation
 s - a scroll of fear
 u - 2 scrolls of fog
 v - 3 scrolls of blinking
 y - a scroll of identify
Potions
 b - a potion of magic {unknown}
 d - 2 potions of might
 f - a potion of haste {unknown}
 l - a potion of berserk rage {unknown}
 m - 2 potions of attraction
 n - 4 potions of curing
 o - 2 potions of lignification
 t - a potion of degeneration {unknown}
 x - a potion of heal wounds
 A - 2 potions of enlightenment {unknown}
 B - 2 potions of mutation {unknown}


   Skills:
 + Level 6.8 Fighting
 + Level 10.0 Axes
 + Level 2.7 Throwing
 + Level 7.5 Armour
 + Level 1.2 Dodging
 + Level 0.2 Stealth
 + Level 5.1 Shields


You had 8 spell levels left.
You didn't know any spells.
Your spell library contained the following spells:

 Spells                   Type           Power      Damage    Failure   Level
 Slow                     Hex            0%         N/A       100%        1
 Lesser Beckoning         Tloc           0%         N/A       100%        2
 Static Discharge         Conj/Air       0%         2-2/arc   100%        2
 Confusing Touch          Hex            0%         N/A       100%        3
 Gell's Gravitas          Tloc           0%         N/A       100%        3
 Teleport Other           Tloc           0%         N/A       100%        3
 Vampiric Draining        Necr           0%         2d6       100%        3
 Airstrike                Air            0%         2d(0-16)  100%        4
 Dispersal                Tloc           0%         N/A       100%        6
 Summon Lightning Spire   Summ/Air       Unusable   N/A       N/A         4

Dungeon Overview and Level Annotations

Branches:
Dungeon (6/15)             Temple (0/1) D:5           Sewer (visited)

Altars:
Ashenzari
Hepliaklqana
Nemelex Xobeh
Okawaru
Qazlal
Sif Muna
Uskayaw
Zin


Innate Abilities, Weirdness & Mutations

You have a pair of horns on your head.
You reflexively headbutt those who attack you in melee.


Message History

The electric eel shoots out a bolt of lightning at you!
The bolt of electricity hits the plant!
The bolt of electricity hits you.
A nearby plant withers and dies.
The electric eel shoots out a bolt of lightning at you!
The bolt of electricity hits you.
The electric eel shoots out a bolt of lightning at you!
The bolt of electricity hits the electric eel.
The electric eel completely resists.
The bolt of electricity hits you!
You enter the shallow water.
Moving in this stuff is going to be slow.
The electric eel shoots out a bolt of lightning at you!
The bolt of electricity hits you!
The electric eel shoots out a bolt of lightning at you!
The bolt of electricity hits you.
The electric eel shoots out a bolt of lightning at you!
The bolt of electricity misses you.
A nearby plant withers and dies.
The electric eel shoots out a bolt of lightning at you!
The bolt of electricity hits the electric eel.
The electric eel completely resists.
The bolt of electricity hits you.
The electric eel shoots out a bolt of lightning at you!
The bolt of electricity hits you!
* * * LOW HITPOINT WARNING * * *
The electric eel shoots out a bolt of lightning at you!
The bolt of electricity hits the electric eel.
The electric eel completely resists.
The bolt of electricity hits you.
* * * LOW HITPOINT WARNING * * *
The electric eel shoots out a bolt of lightning at you!
The bolt of electricity hits the electric eel.
The electric eel completely resists.
The bolt of electricity hits you.
* * * LOW HITPOINT WARNING * * *
The electric eel shoots out a bolt of lightning at you!
The bolt of electricity hits you.
* * * LOW HITPOINT WARNING * * *
The bolt of electricity hits you.
* * * LOW HITPOINT WARNING * * *
The electric eel shoots out a bolt of lightning at you!
The bolt of electricity hits the electric eel.
The electric eel completely resists.
The bolt of electricity hits you!
You die...

###.......# ######.###
.#..#.##### ######.........
#...#.# ##########.........#.##>
......# ##~~~~†..†###.##.##.#....
#...#####.########~##.##.##.#....
#...# #.##≈($P..##~#....##.##.#.
#...# #.#≈≈~~~...#~#.#####.##..#
#...# #.#≈..~....#.#.#####.#....
#...# #.#≈S.S..@'#.#.......#...#
#...####~##≈S$P..#..#....####....
.....##~##########~##....# #.#..
.....#~##≈[(P. #~~#.....# #.#..
.....#.#≈≈.PP. #~##.....# #.#..
#....#.#S~~... #.##.....# #....
#....#.#≈≈?~.. #.#...#### ####.
#....#'##≈$... ..##### #.
#.......########.#### #.


You could see 3 electric eels.

Vanquished Creatures
  A troll (D:6)
  A steam dragon (D:6)
  Menkaure (D:5)
  2 black bears
  2 ice beasts
  An ogre (D:5)
  A phantom (D:5)
  2 bullfrogs (Sewer)
  4 scorpions
  A howler monkey (D:6)
  2 jellies
  A hound (D:6)
  4 orc priests (D:5)
  Ijyb (D:3)
  3 iguanas
  6 orc wizards
  4 adders
  3 gnolls (D:6)
  A river rat (D:4)
  A shadow imp (D:6)
  3 worms
  6 dart slugs
  23 orcs
  13 ball pythons
  7 endoplasms
  8 giant cockroaches
  9 goblins
  7 hobgoblins
  2 jackals (D:1)
  8 kobolds
  8 quokkas
  3 bats
  9 frilled lizards
  5 rats
  A spectral kobold (D:1)
154 creatures vanquished.

Notes
Turn   | Place    | Note
-------+----------+-------------------------------------------
     0 | D:1      | funkygono the Minotaur Fighter began the quest for the Orb.
     0 | D:1      | Reached XP level 1. HP: 19/19 MP: 0/0
    89 | D:1      | Found a faded altar of an unknown god.
   171 | D:1      | Reached XP level 2. HP: 27/27 MP: 1/1
   846 | D:2      | Reached XP level 3. HP: 29/33 MP: 2/2
  1149 | D:2      | Reached skill level 3 in Axes
  1152 | D:2      | Noticed a black bear
  1155 | D:2      | Killed a black bear
  1156 | D:2      | Reached skill level 4 in Axes
  1156 | D:2      | Reached XP level 4. HP: 35/41 MP: 3/3
  1492 | D:2      | Reached XP level 5. HP: 46/46 MP: 4/4
  1881 | D:3      | Noticed Ijyb
  1891 | D:3      | Paralysed by Ijyb for 3 turns
  1895 | D:3      | Paralysed by Ijyb for 5 turns
  1903 | D:3      | Paralysed by Ijyb for 3 turns
  1913 | D:3      | Paralysed by Ijyb for 5 turns
  1919 | D:3      | Paralysed by Ijyb for 4 turns
  1923 | D:3      | Killed Ijyb
  1924 | D:3      | Reached skill level 5 in Axes
  1981 | D:3      | Identified the staff of the Lusting Gods {rElec Dex+4 Air}
  2126 | D:3      | Found a shimmering blue altar of Sif Muna.
  2127 | D:3      | Found a glowing silver altar of Zin.
  2128 | D:3      | Found a hide-covered altar of Uskayaw.
  2149 | D:3      | Found a hazy altar of Hepliaklqana.
  2158 | D:3      | Found a stormy altar of Qazlal.
  2653 | D:4      | Reached XP level 6. HP: 53/53 MP: 5/5
  2691 | D:4      | Found a glowing drain.
  2697 | Sewer    | Entered a sewer
  2916 | Sewer    | Reached skill level 6 in Axes
  2916 | Sewer    | Reached skill level 5 in Armour
  3521 | D:4      | Noticed an ice beast
  3529 | D:4      | Killed an ice beast
  3530 | D:4      | Reached skill level 5 in Fighting
  3530 | D:4      | Reached skill level 1 in Dodging
  3530 | D:4      | Reached XP level 7. HP: 53/61 MP: 6/6
  3631 | D:4      | Reached skill level 7 in Axes
  4332 | D:5      | Entered Level 5 of the Dungeon
  4359 | D:5      | Reached skill level 1 in Throwing
  4557 | D:5      | Reached skill level 8 in Axes
  4557 | D:5      | Reached XP level 8. HP: 61/70 MP: 7/7
  4630 | D:5      | Noticed Menkaure
  4811 | D:5      | Killed Menkaure
  5115 | D:5      | Found a sparkling altar of Nemelex Xobeh.
  5223 | D:5      | Found an iron altar of Okawaru.
  5227 | D:5      | Found a broken altar of Ashenzari.
  5249 | D:5      | Became a worshipper of Warmaster Okawaru
  5462 | D:5      | Found a staircase to the Ecumenical Temple.
  5504 | D:6      | Reached skill level 5 in Shields
  5544 | D:6      | Reached skill level 9 in Axes
  5889 | D:6      | Reached * piety under Okawaru
  6067 | D:6      | Noticed a troll
  6072 | D:6      | Killed a troll
  6073 | D:6      | Reached skill level 10 in Axes
  6073 | D:6      | Reached XP level 9. HP: 53/78 MP: 8/8
  6161 | D:6      | HP: 2/78 [electric eel/bolt of electricity (6)]
  6161 | D:6      | Killed from afar by an electric eel

Illustrated notes

Levels and vault maps discovered:
D:1:      ncdulo_wetmaze, layout_basic,
          dreamdust_ecumenical_altar_drowned_temple
D:2:      layout_loops_cross, minmay_box_of_dots
D:3:      minmay_chambers_of_twos, layout_basic, grunt_temple_overflow_open,
          minmay_checkerbox, uniq_ijyb
D:4:      layout_basic, gup_sewer_entry_bubbles
D:5:      layout_basic, mainiacjoe_overflow_surrounded_room,
          mainiacjoe_overflow_catwalk_spiral, lemuel_temple_firewalk_b,
          uniq_menkaure
D:6:      cheibrodos_two_vegetables, layout_loops_cross, st_stairs_8,
          kennysheep_generic_room_8

Skill      XL: |  1  2  3  4  5  6  7  8 |
---------------+-------------------------+-----
Fighting       | 4 5 6 |  6.8
Shields        | 4 5 |  5.1
Armour         | 4 5 6 7 |  7.5
Axes           | 4 5 6 8 10 | 10.0
Dodging        | 1 |  1.2
Throwing       | 1 2 |  2.7
Stealth        | |  0.2

Action                     |  1- 3 |  4- 6 |  7- 9 || total
---------------------------+-------+-------+-------++-------
  Melee: War axe           |    70 |   138 |   124 ||   332
         Headbutt          |     5 |    16 |    22 ||    43
  Throw: Stone             |       |    13 |    24 ||    37
         Dart              |       |       |     3 ||     3
    Use: Scroll            |       |     9 |     2 ||    11
 Armour: Chain mail        |    32 |    76 |       ||   108
         Plate armour      |       |     8 |    75 ||    83
  Dodge: Dodged            |    26 |    37 |    27 ||    90
  Block: Buckler           |    17 |    32 |    20 ||    69

Table legend: (Time is in decaauts)
 A = Elapsed time spent in this place.
 B = Non-inter-level travel time spent in this place.
 C = Inter-level travel time spent in this place.
 D = Time resting spent in this place.
 E = Time spent auto-exploring this place.
 F = Levels seen in this place.
 G = Mean time per level.
                   A        B        C        D        E       F      G
               +--------+--------+--------+--------+--------+-----+--------+
         Total |   6393 |   6248 |    145 |    318 |   4513 |   7 |  913.3 |
       Dungeon |   5757 |   5612 |    145 |    318 |   4110 |   6 |  959.5 |
         Sewer |    635 |    635 |      0 |      0 |    403 |   1 |  635.0 |
               +--------+--------+--------+--------+--------+-----+--------+

Top non-repeatable levels by time:
     D:4: 1395 daAuts
     D:5: 1049 daAuts
     D:2: 917 daAuts
     D:3: 898 daAuts
     D:1: 815 daAuts
     D:6: 681 daAuts
   Sewer: 635 daAuts
